 Dungeon Crawl Stone Soup version 0.24-a0-269-g32ec7ca (webtiles) character file.

Game seed: 9393785387037630927

241 MatthieuS the Magician (level 5, 0/28 HPs)
             Began as a Deep Elf Air Elementalist on Apr 21, 2019.
             Slain by a human zombie (3 damage)
             ... in an ossuary.
             The game lasted 00:05:57 (3646 turns).

MatthieuS the Magician (Deep Elf Air Elementalist)  Turns: 3646, Time: 00:05:58

Health: 0/28       AC:  4    Str:  4 (5)  XL:     5   Next: 80%
Magic:  3/14       EV: 13    Int: 20 (21) God:
Gold:   104        SH:  0    Dex: 15      Spells: 3/13 levels left

rFire    . . .     SeeInvis .   g - +0 dagger
rCold    . . .     Gourm    .   (no shield)
rNeg     . . .     Faith    .   a - +0 robe
rPois    .         Spirit   .   (no helmet)
rElec    .         Reflect  .   j - +0 cloak
rCorr    .         Harm     .   s - +0 pair of gloves
MR       .....                  (no boots)
Stlth    +++.......             (no amulet)
HPRegen  0.09/turn              (no ring)
MPRegen  0.14/turn              (no ring)

@: flying
A: no striking features
a: no special abilities


You were in an ossuary.
You were hungry.

You visited 1 branch of the dungeon, and saw 4 of its levels.
You also visited: Ossuary.

You collected 104 gold pieces.

Inventory:

Hand Weapons
 g - a +0 dagger (weapon)
   (You took it off a goblin on level 1 of the Dungeon)
Armour
 a - a +0 robe (worn)
 j - a +0 cloak (worn)
   (You found it on level 1 of the Dungeon)
 s - a +0 pair of gloves (worn)
   (You found it on level 3 of the Dungeon)
Scrolls
 b - 3 scrolls of immolation {unknown}
 d - a scroll of random uselessness {unknown}
 f - 2 scrolls of magic mapping {unknown}
 h - 4 scrolls of identify {unknown}
 m - a scroll of enchant weapon {unknown}
 p - a scroll of remove curse {unknown}
 q - 2 scrolls of teleportation {unknown}
 r - a scroll of amnesia {unknown}
Potions
 c - 2 potions of cancellation
Comestibles
 e - 4 rations
 o - 4 chunks of flesh


   Skills:
 - Level 2.4 Dodging
 + Level 4.4 Stealth
 + Level 4.7 Spellcasting
 + Level 3.3 Conjurations
 + Level 4.2 Air Magic


You had 3 spell levels left.
You knew the following spells:

 Your Spells              Type           Power        Failure   Level  Hunger
a - Shock                 Conj/Air       ###.         2%          1    None
b - Static Discharge      Conj/Air       ###.....     8%          3    ##.....
c - Airstrike             Air            ###.......   22%         4    ####...
s - Swiftness             Chrm/Air       ##......     8%          2    #......

Your spell library contained the following spells:

 Spells                   Type           Power        Failure   Level  Hunger
 Confusing Touch          Hex            #.....       12%         1    None
 Confuse                  Hex            #.......     34%         3    ##.....
 Gell's Gravitas          Tloc           #.........   34%         3    ##.....
 Lightning Bolt           Conj/Air       ###.......   56%         5    ######.
 Petrify                  Tmut/Erth      #.......     75%         4    ####...
 Metabolic Englaciation   Hex/Ice        #.........   97%         5    ######.
 Yara's Violent Unravell  Hex/Tmut       #.........   97%         5    ######.


Dungeon Overview and Level Annotations

Branches:
Dungeon (4/15)
 Temple: D:4-7

Altars:


Message History

The lightning grounds out.
The hobgoblin zombie is struck by an arc of lightning.
The human zombie is struck by an arc of lightning.
The lightning grounds out.
The hound zombie is struck by an arc of lightning.
The elf zombie is struck by an arc of lightning.
The lightning grounds out.
The hound zombie bites you. The human zombie barely misses you.
The human zombie completely misses you. The hound zombie barely misses you.
The hobgoblin zombie misses you.
The human zombie is struck by an arc of lightning!
The human zombie is struck by an arc of lightning.
The lightning grounds out.
You are feeling hungry.
The hound zombie closely misses you. The human zombie hits you.
The hound zombie is struck by an arc of lightning.
The lightning grounds out.
The human zombie hits you!
* * * LOW HITPOINT WARNING * * *
The human zombie hits you.
* * * LOW HITPOINT WARNING * * *
The hound zombie barely misses you.
The hobgoblin zombie closely misses you.
The human zombie hits you.
* * * LOW HITPOINT WARNING * * *
The human zombie hits you but does no damage.
The hound zombie closely misses you.
There is a gate leading back out of this place here.
The human zombie is struck by an arc of lightning.
The hound zombie is struck by an arc of lightning.
The lightning grounds out.
The human zombie is struck by an arc of lightning.
You are struck by an arc of lightning.
* * * LOW HITPOINT WARNING * * *
The lightning grounds out.
The human zombie barely misses you. The human zombie hits you.
* * * LOW HITPOINT WARNING * * *
The hound zombie bites you.
* * * LOW HITPOINT WARNING * * *
The human zombie hits you but does no damage.
You feel better. The hound zombie closely misses you.
The human zombie misses you.
The human zombie hits you but does no damage.
The human zombie hits you!
* * * LOW HITPOINT WARNING * * *
You feel better. The hound zombie closely misses you.
The human zombie hits you but does no damage.
Unknown command.
The hound zombie misses you. The human zombie hits you.
* * * LOW HITPOINT WARNING * * *
The human zombie hits you.
You die...

....................
..................M...
#...............# ....
#...............##....
......................
......................
....................#.
.......ZZ..........##
..Z....@ZZ.........#
.......ZZ..........#
....................#
......................
#...............##....
#...............# ....
.................. ...
..................


You could see an adder zombie (dormant), a hound zombie, a hobgoblin zombie, an
elf zombie and 3 human zombies.

Vanquished Creatures
  Eustachio (D:4)
  2 adders (D:2)
  A worm (D:3)
  3 dart slugs (D:2)
  2 leopard geckos (D:3)
  An orc (D:3)
  2 ball pythons
  8 giant cockroaches
  8 goblins
  7 hobgoblins
  4 jackals (D:2)
  A quokka (D:2)
  7 bats
  4 frilled lizards
  A gnoll zombie (D:4)
  A goblin zombie (Ossuary)
  A hobgoblin zombie (Ossuary)
  12 kobolds
  A kobold zombie (Ossuary)
  An orc zombie (Ossuary)
  8 rats
  A rat zombie (Ossuary)
77 creatures vanquished.

Notes
Turn   | Place    | Note
-------+----------+-------------------------------------------
     0 | D:1      | MatthieuS the Deep Elf Air Elementalist began the quest for
                  | the Orb.
     0 | D:1      | Reached XP level 1. HP: 10/10 MP: 6/6
   298 | D:1      | Reached XP level 2. HP: 15/15 MP: 6/8
   302 | D:1      | Learned a level 2 spell: Swiftness
   983 | D:2      | Reached XP level 3. HP: 18/19 MP: 6/10
  2113 | D:2      | Reached XP level 4. HP: 11/24 MP: 2/11
  3007 | D:3      | Learned a level 3 spell: Static Discharge
  3012 | D:3      | Learned a level 4 spell: Airstrike
  3461 | D:4      | Noticed Eustachio
  3491 | D:4      | Killed Eustachio
  3491 | D:4      | Reached XP level 5. HP: 15/28 MP: 0/14
  3601 | D:4      | Found a sand-covered staircase.
  3611 | Ossuary  | Entered an ossuary
  3643 | Ossuary  | HP: 1/28 [hound zombie (3)]
  3646 | Ossuary  | Slain by a human zombie

Levels and vault maps discovered:
D:1:      lightli_arrival_boilingwater, layout_basic
D:2:      layout_loops_corners, first_ration, serial_forest,
          infiniplex_forest_clump_long, infiniplex_forest_split,
          infiniplex_forest_corner_2, infiniplex_forest_corner_1,
          infiniplex_forest_clump_large, minmay_bisected
D:3:      layout_loops_ring, grunt_ministairs_9
D:4:      layout_basic, okawaru_trees_2, enter_ossuary_3, lemuel_angel_altar,
          uniq_eustachio
Ossuary:  ossuary_minmay_tomb_2a

Skill      XL: |  1  2  3  4 |
---------------+-------------+-----
Stealth        | 3 4 |  4.4
Conjurations   | 2 3 |  3.3
Spellcasting   | 4 |  4.7
Air Magic      | 4 |  4.2
Dodging        | |  2.4

Action                   |  1- 3 |  4- 6 || total
-------------------------+-------+-------++-------
Melee: Dagger            |    35 |    14 ||    49
       Unarmed           |     5 |       ||     5
 Cast: Shock             |   102 |    71 ||   173
       Static Discharge  |       |     8 ||     8
  Use: Potion            |       |     9 ||     9
  Eat: Chunk             |     4 |     4 ||     8
Armor: Robe              |    16 |    27 ||    43
Dodge: Dodged            |    44 |    54 ||    98

Table legend:
 A = Non-vault XP
 B = Vault XP
 C = Vault XP percentage of total XP
 D = Non-vault monster count
 E = Vault monster count
 F = Vault count percentage of total count
                 A         B        C        D         E       F
            +---------+---------+-------+---------+---------+-------
      Total |     137 |     208 |  60.3 |      65 |      12 |  15.6
            +---------+---------+-------+---------+---------+-------
        D:1 |      25 |       0 |   0.0 |      16 |       0 |   0.0
        D:2 |      82 |       7 |   7.9 |      32 |       3 |   8.6
        D:3 |      30 |       7 |  18.9 |      17 |       2 |  10.5
        D:4 |       0 |     189 | 100.0 |       0 |       2 | 100.0
    Ossuary |       0 |       5 | 100.0 |       0 |       5 | 100.0
            +---------+---------+-------+---------+---------+-------
